 Dungeon Crawl Stone Soup version 0.26.0-15-gc6cd9f700b (webtiles) character file.

Game seed: 3951248284789874362

6771 oldmanjim the Cleaver (level 11, -5/99 HPs)
             Began as a Hill Orc Monk on Jan 15, 2021.
             Was a Priest of Beogh.
             Slain by a wyvern (14 damage)
             ... on level 9 of the Dungeon.
             The game lasted 01:34:37 (14760 turns).

oldmanjim the Cleaver (Hill Orc Monk)              Turns: 14760, Time: 01:34:37

Health: -5/99      AC:  8    Str: 18    XL:     11   Next: 4%
Magic:  17/17      EV: 11    Int: 10    God:    Beogh [***...]
Gold:   326        SH:  6    Dex: 13    Spells: 10/10 levels left

rFire    . . .     SeeInvis .   a - +1 hand axe
rCold    . . .     Faith    +   d - +0 buckler
rNeg     + . .     Spirit   .   M - +0 swamp dragon scales
rPois    +         Reflect  .   o - +0 helmet
rElec    .         Harm     .   (no cloak)
rCorr    .         Rampage  .   (no gloves)
Will     +....                  (no boots)
Stlth    +.........             t - amulet of faith
HPRegen  0.26/turn              e - ring of positive energy
MPRegen  0.15/turn              n - ring of willpower

@: no status effects
A: no striking features
a: Renounce Religion, Smiting


You were on level 9 of the Dungeon.
You worshipped Beogh.
Beogh was most pleased with you.
You visited 1 branch of the dungeon, and saw 11 of its levels.
You also visited: Ossuary.

You collected 526 gold pieces.
You spent 200 gold pieces at shops.

Inventory:

Hand Weapons
 a - a +1 hand axe (weapon)
 b - a +0 hunting sling
 L - a +0 broad axe
 N - a -1 fustibalus
 P - a +0 arbalest
Missiles
 c - 24 sling bullets
 i - 223 stones
 v - 50 poisoned darts (quivered)
Armour
 d - a +0 buckler (worn)
 j - a +1 chain mail
 o - a +0 helmet (worn)
 M - +0 swamp dragon scales (worn)
Jewellery
 e - a ring of positive energy (left hand)
 n - a ring of willpower (right hand)
 p - an uncursed amulet of reflection
 t - an amulet of faith (around neck)
Wands
 m - a wand of digging (3)
 y - a wand of iceblast (13)
 O - a wand of disintegration (23)
Scrolls
 f - 5 scrolls of teleportation
 g - 5 scrolls of enchant weapon
 k - 3 scrolls of remove curse
 l - 2 scrolls of enchant armour
 x - 2 scrolls of magic mapping
 z - 2 scrolls of immolation
 B - a scroll of fog
 H - 2 scrolls of amnesia {unknown}
 J - a scroll of blinking
 K - a scroll of fear
Potions
 h - 2 potions of mutation
 q - 2 potions of invisibility {unknown}
 r - a potion of resistance {unknown}
 s - 2 potions of might
 u - 4 potions of lignification
 w - 5 potions of curing
 A - 2 potions of haste {unknown}
 C - 4 potions of berserk rage
 D - 3 potions of cancellation
 E - 2 potions of heal wounds
 F - 3 potions of brilliance {unknown}
 G - 2 potions of flight
 I - a potion of attraction {unknown}
Miscellaneous
 Q - a box of beasts


   Skills:
 - Level 10.1 Fighting
 + Level 13.7 Axes
 - Level 2.0 Armour
 - Level 2.4 Dodging
 - Level 1.5 Stealth
 + Level 7.3 Shields
 + Level 9.1 Invocations


You had 10 spell levels left.
You didn't know any spells.
Your spell library contained the following spells:

 Spells                   Type           Power        Failure   Level
 Corona                   Hex            0%           54%         1
 Ensorcelled Hibernation  Hex/Ice        0%           69%         2
 Confusing Touch          Hex            0%           89%         3
 Dazzling Flash           Conj/Hex       0%           89%         3
 Tukima's Dance           Hex            0%           89%         3


Dungeon Overview and Level Annotations

Branches:
Dungeon (11/15)            Temple (0/1) D:4             Orc (0/2) D:11
Ossuary (visited)
   Lair: D:8-11

Altars:
Hepliaklqana

Shops:
D:5 !   D:6 !

Annotations:
D:2 Grinder


Message History

You hit the wolf.
You kill the wolf!
Beogh accepts your kill.
You hit the wolf.
You kill the wolf!
Beogh accepts your kill.
You start resting.
Magic restored.
You start resting.
A wyvern is nearby!
The wyvern hisses angrily.
You open the door.
There is an open door here.
The wyvern bites you!
* * * LOW HITPOINT WARNING * * *
You are too injured to fight recklessly!
You hit the wyvern.
The wyvern is lightly wounded.
The wyvern bites you!
You die...

#################################
.................÷...............
...##..........##...........###..
.............>.##...........# #..
...............##...........# #..
..........#.....@...........###..
#######.......###l##.............
...######'##....######+#......
......†..........#.....+.....#
..........†.....†#.....#.###.#
...............†.'....(#.# #.#
..........##....##)....#.# #.#
..........##....# .....#.# #.#
................# .....#. #.#


You could see a wyvern.

Vanquished Creatures
  Pikel (D:3)
  Maggie (D:8)
  A shadow (D:9)
  2 wyverns (D:9)
  6 yaks (D:7)
  A human (D:8)
  Grum (D:9)
  2 hogs (D:8)
  Menkaure (D:7)
  A water moccasin (D:8)
  Duvessa (D:7)
  An ice beast (D:5)
  An orc warrior (D:7)
  3 sky beasts
  2 necrophages
  2 ogres
  5 wolves (D:9)
  3 centaurs
  A big kobold (D:6)
  6 bullfrogs
  Dowan (D:7)
  A wyvern skeleton (D:6)
  8 scorpions
  A water moccasin skeleton (D:8)
  4 killer bees
  A howler monkey (D:4)
  A bullfrog zombie (D:9)
  2 human zombies (Ossuary)
  3 centaur zombies
  5 hounds
  A bullfrog skeleton (D:7)
  2 iguanas
  2 orc wizards
  Ijyb (D:4)
  Natasha (D:2)
  8 worker ants
  A killer bee zombie (D:8)
  A big kobold zombie (Ossuary)
  3 mummies (Ossuary)
  2 hound skeletons
  2 worker ant zombies
  Robin (D:4)
  2 howler monkey skeletons
  3 scorpion zombies (Ossuary)
  7 adders
  A shadow imp (D:7)
  2 white imps
  An ooze (D:7)
  3 worms
  A dart slug (D:1)
  6 leopard geckos
  15 orcs
  3 ball pythons
  3 bats
  9 giant cockroaches
  6 gnoll zombies (Ossuary)
  13 goblins
  15 hobgoblins
  5 jackals
  2 quokkas
  6 frilled lizards
  4 goblin zombies
  3 hobgoblin zombies (Ossuary)
  11 kobolds
  A kobold zombie (Ossuary)
  A leopard gecko skeleton (D:4)
  A leopard gecko zombie (D:8)
  An orc zombie (Ossuary)
  A quokka zombie (D:4)
  8 rats
228 creatures vanquished.

Vanquished Creatures (collateral kills)
  2 hogs (D:8)
  A hound (D:8)
  A bullfrog skeleton (D:8)
4 creatures vanquished.

Vanquished Creatures (others)
  An orc warrior (D:8)
  An orc (D:9)
  5 fungi (D:9)
  16 plants (D:9)
23 creatures vanquished.

Grand Total: 255 creatures vanquished

Notes
Turn   | Place    | Note
-------+----------+-------------------------------------------
     0 | D:1      | oldmanjim the Hill Orc Monk began the quest for the Orb.
     0 | D:1      | Reached XP level 1. HP: 19/19 MP: 1/1
   145 | D:1      | Reached XP level 2. HP: 17/27 MP: 2/2
   666 | D:1      | Reached XP level 3. HP: 34/34 MP: 3/3
  1229 | D:2      | Reached skill level 5 in Axes
  1407 | D:2      | Found a hazy altar of Hepliaklqana.
  1707 | D:2      | Noticed Natasha
  2218 | D:3      | Reached XP level 4. HP: 33/41 MP: 4/4
  2496 | D:3      | Reached skill level 5 in Fighting
  2627 | D:3      | Noticed Grinder
  2660 | D:3      | HP: 2/42 [Grinder/nerve-wracking pain (5)]
  2965 | D:2      | Killed Natasha
  3130 | D:3      | Reached XP level 5. HP: 18/48 MP: 5/5
  3349 | D:3      | Reached skill level 6 in Axes
  3770 | D:3      | Paralysed by Grinder for 4 turns
  4052 | D:4      | Found a sand-covered staircase.
  4059 | Ossuary  | Entered an ossuary
  4310 | Ossuary  | Reached XP level 6. HP: 17/57 MP: 6/6
  4642 | Ossuary  | Reached skill level 7 in Axes
  4912 | Ossuary  | Reached XP level 7. HP: 66/66 MP: 7/7
  5193 | Ossuary  | Reached skill level 8 in Axes
  5581 | D:4      | Noticed Ijyb
  5594 | D:4      | Killed Ijyb
  5949 | D:4      | Noticed Robin
  6002 | D:4      | Reached skill level 9 in Axes
  6003 | D:4      | Killed Robin
  6007 | D:4      | Reached XP level 8. HP: 73/74 MP: 8/8
  6153 | D:4      | Found a staircase to the Ecumenical Temple.
  6180 | D:4      | Noticed Pikel
  6201 | D:3      | Killed Pikel
  6202 | D:3      | Reached skill level 10 in Axes
  6556 | D:5      | Entered Level 5 of the Dungeon
  6556 | D:5      | Found Ypeor's Distillery.
  6562 | D:5      | Bought a potion of lignification for 30 gold pieces
  6562 | D:5      | Bought 2 potions of degeneration for 20 gold pieces
  6562 | D:5      | Bought a potion of berserk rage for 50 gold pieces
  6562 | D:5      | Bought a potion of flight for 30 gold pieces
  7119 | D:5      | Reached skill level 10 in Fighting
  7233 | D:5      | Became a worshipper of Beogh the Brigand
  7233 | D:5      | Reached * piety under Beogh
  7233 | D:5      | Reached ** piety under Beogh
  7245 | D:5      | Reached XP level 9. HP: 85/85 MP: 9/9
  7301 | D:5      | Reached skill level 11 in Axes
  7301 | D:5      | Reached skill level 1 in Armour
  7301 | D:5      | Reached skill level 1 in Invocations
  7853 | D:6      | Found Kannomp's Distillery.
  7860 | D:6      | Bought a potion of heal wounds for 70 gold pieces
  8586 | D:7      | Reached skill level 1 in Shields
  9034 | D:7      | Noticed Menkaure
  9469 | D:7      | Killed Menkaure
 10419 | D:6      | Reached skill level 5 in Invocations
 10544 | D:6      | Reached *** piety under Beogh
 10545 | D:6      | Reached skill level 12 in Axes
 10590 | D:7      | Noticed Duvessa
 10609 | D:7      | Killed Duvessa
 10960 | D:7      | Noticed Dowan
 11001 | D:7      | Killed Dowan
 11257 | D:7      | Reached XP level 10. HP: 86/93 MP: 14/14
 11721 | D:8      | Noticed Maggie
 11739 | D:8      | Killed Maggie
 12059 | D:8      | Reached skill level 5 in Shields
 12677 | D:8      | You fall into a shaft and drop 3 floors!
 12701 | D:10     | Entered Level 10 of the Dungeon
 12715 | D:10     | Noticed a deep elf mage
 12719 | D:10     | Noticed a six-headed hydra
 12756 | D:9      | Reached skill level 13 in Axes
 14672 | D:9      | Noticed Grum
 14696 | D:9      | Reached XP level 11. HP: 26/99 MP: 15/17
 14696 | D:9      | Killed Grum
 14707 | D:9      | HP: 2/99 [wolf[Grum] (7)]
 14760 | D:9      | Slain by a wyvern

Illustrated notes

Levels and vault maps discovered:
D:1:      dpeg_arrival_lava_altar, layout_rooms
D:2:      layout_basic, nzn_hepliaklqana_mist_gate, uniq_natasha
D:3:      layout_basic, uniq_grinder
D:4:      layout_rooms, minmay_temple_entry_mini_moons, enter_ossuary_4,
          portal_sewer_entry_d, corexii_shack, uniq_robin, uniq_pikel, uniq_ijyb
D:5:      layout_basic, serial_shops, shop
D:6:      layout_cave_pods, serial_shops, nicolae_shop_crystal,
          dk_rats_in_the_wall
D:7:      layout_basic, uniq_duvessa, uniq_menkaure
D:8:      layout_cave_pools, grunt_livestock, minmay_misc_feat_iff, uniq_maggie
D:9:      layout_stronghold, minmay_lair_entry_grove, uniq_grum, uniq_erica,
          uniq_prince_ribbit1
D:10:     minmay_blocky_corners, layout_rooms, minmay_misc_feat_four_crosses,
          nicolae_water_bricks, grunt_dithmenos_smoke, uniq_sonja
D:11:     layout_rooms, david_orc_1_choice, serial_co_window_serial,
          co_window_paths_a, co_window_paths_a, co_window_paths_a,
          co_window_paths_a, co_window_of_opportunity_a, co_window_2corner,
          co_window_2corner, co_window_of_opportunity_b, co_window_corner_b,
          co_window_broadway_c, co_window_of_opportunity_c, glass_columns_a,
          glass_columns_b, glass_columns_a, glass_columns_a, enter_trove_5,
          uniq_harold

Skill      XL: |  1  2  3  4  5  6  7  8  9 10 11 |
---------------+----------------------------------+-----
Fighting       | 4 5 6 7 8 10 | 10.1
Axes           | 5 6 7 9 10 12 13 | 13.7
Armour         | 2 |  2.0
Invocations    | 5 8 9 |  9.1
Shields        | 4 7 |  7.3
Dodging        | |  2.4
Stealth        | |  1.5

Action                   |  1- 3 |  4- 6 |  7- 9 | 10-12 || total
-------------------------+-------+-------+-------+-------++-------
Melee: Hand axe          |   122 |   224 |   459 |   317 ||  1122
 Fire: Hunting sling     |       |    10 |   145 |    23 ||   178
Throw: Dart              |     8 |    45 |    12 |     2 ||    67
       Stone             |       |     6 |       |       ||     6
Invok: Convert to Beogh  |       |       |     1 |       ||     1
       Smiting           |       |       |       |     5 ||     5
  Use: Scroll            |     4 |     2 |    11 |     3 ||    20
       Potion            |       |       |     1 |     1 ||     2
 Stab: Distracted        |     1 |       |       |     1 ||     2
Armor: Robe              |    16 |    11 |       |       ||    27
       Chain mail        |       |    84 |   217 |     6 ||   307
       Swamp dragon scal |       |       |       |    46 ||    46
Dodge: Dodged            |    72 |    80 |   131 |   108 ||   391
Block: Other             |       |       |    27 |       ||    27
       Reflection        |       |       |     1 |       ||     1
       Buckler           |       |       |    37 |    63 ||   100
